 Dungeon Crawl Stone Soup version 0.31.0 (webtiles) character file.

Game seed: 2387197896056044834

94 qw the Shooter (level 4, -1/28 HPs)
             Began as a Gargoyle Hunter on Jan 19, 2024.
             Slain by a gnoll
             ... wielding a +1 spear of flaming
              (2 damage)
             ... on level 2 of the Dungeon.
             The game lasted 00:00:09 (1506 turns).

qw the Shooter (Gargoyle Hunter)                    Turns: 1506, Time: 00:00:09

Health: -1/28      AC:  8    Str: 15    XL:     4   Next: 63%
Magic:  4/4        EV: 11    Int:  9    God:
Gold:   62         SH:  0    Dex: 15    Spells: 3/3 levels left

rFire   . . .        a - +0 shortbow
rCold   . . .        (shield currently unavailable)
rNeg    + . .        e - +0 ring mail
rPois   inf          (no helmet)
rElec   +            (no cloak)
rCorr   .            (no gloves)
SInv    .            (no boots)
Will    .....        (no amulet)
Stlth   +            (no ring)
HPRegen 0.24/turn    (no ring)
MPRegen 0.09/turn

%: no passive effects
@: no status effects
A: sickness immunity, AC +3, negative energy resistance 1, electricity
resistance, torment resistance 1, petrification resistance
a: no special abilities


You were on level 2 of the Dungeon.
You visited 1 branch of the dungeon, and saw 2 of its levels.

You collected 90 gold pieces.
You spent 28 gold pieces at shops.


Innate Abilities, Weirdness & Mutations

You are immune to sickness and miasma.
Your stone body is resilient. (AC +3)
You are immune to poison.
You resist negative energy. (rN+)
You are resistant to electric shocks. (rElec)
You are resistant to unholy torment.
You are immune to petrification.


   Skills:
 - Level 3.0 Fighting
 + Level 5.4 Ranged Weapons
 - Level 1.0 Armour
 - Level 1.5 Dodging
 - Level 1.1 Stealth


You had 3 spell levels left.
You didn't know any spells.
Your spell library was empty.

Inventory:

Hand Weapons
 a - a +0 shortbow (weapon)
Armour
 e - a +0 ring mail (worn)
Scrolls
 b - a scroll of vulnerability {unknown}
 c - a scroll of identify
Potions
 d - a potion of lignification {unknown}
 n - a potion of curing

Dungeon Overview and Level Annotations

Branches:
Dungeon (2/15)

Altars:

Shops:
D:1 *?*


Message History

The rat squeaks loudly.
The arrow hits the rat!
You kill the rat!
You shoot an arrow. The arrow barely misses the gnoll. x2
A gnoll comes into view. It is wielding a +0 club.
You shoot an arrow. The gnoll shouts!
The arrow hits the gnoll.
The gnoll is moderately wounded.
You shoot an arrow. The arrow hits the gnoll!
The gnoll is severely wounded.
The gnoll throws a throwing net.
The throwing net hits you.
You become entangled in the net!
You tear a large gash into the net.
You shred the net and break free! You shoot an arrow. The arrow hits the gnoll!
You kill the gnoll!
You shoot an arrow.
The arrow hits the gnoll but does no damage.
The gnoll is lightly wounded.
The gnoll hits you from afar with a +0 halberd.
You shoot an arrow. The arrow closely misses the gnoll.
The arrow barely misses the gnoll.
The gnoll barely misses you.
The gnoll hits you from afar with a +0 halberd!
Ouch! That really hurt!
You shoot an arrow. The arrow hits the gnoll!
The gnoll is severely wounded.
The gnoll closely misses you.
You shoot an arrow. The arrow hits the gnoll!
You kill the gnoll!
You shoot an arrow. The arrow hits the gnoll!
The gnoll is severely wounded.
The gnoll hits you from afar with a +1 spear of flaming.
The gnoll burns you.
You shoot an arrow. The arrow hits the gnoll.
The gnoll is almost dead.
The gnoll hits you from afar with a +1 spear of flaming.
The gnoll burns you.
You die...

###.##.###.
..%
.......##..
.. #...##..
..
####.......
.##
#......####
.g#
#.#####....
#g# ##....
#.# #...8.
#@# #.....
#.#
#.####.....
#.#
#......####
#.# #####.##
# #.#
##.##### #.#
######.......
#.#
#......#.....
#.#
#.####....###
#.####.#
##....#


You could see 2 gnolls.

Vanquished Creatures
  3 gnolls
  An adder (D:2)
  3 dart slugs (D:1)
  4 endoplasms (D:1)
  4 giant cockroaches (D:1)
  4 goblins (D:1)
  4 hobgoblins
  3 jackals (D:1)
  2 quokkas
  A ball python (D:1)
  9 bats
  4 frilled lizards
  4 kobolds
  4 rats
50 creatures vanquished.

Notes
Turn   | Place    | Note
-------+----------+-------------------------------------------
     0 | D:1      | qw the Gargoyle Hunter began the quest for the Orb.
     0 | D:1      | Reached XP level 1. HP: 12/12 MP: 1/1
     0 | D:1      | 0 ||| qw: Version: 0.3-a-132-g3d54051
     0 | D:1      | 0 ||| qw: Game counter: 120
     0 | D:1      | 0 ||| qw: Melee chars always use a shield: true
     0 | D:1      | 0 ||| qw: God list: Okawaru
     0 | D:1      | 0 ||| qw: Allow faded altars: false
     0 | D:1      | 0 ||| qw: Do Orc after clearing Dungeon:15 true
     0 | D:1      | 0 ||| qw: Do second Lair branch before Depths: true
     0 | D:1      | 0 ||| qw: Lair rune preference: random
     0 | D:1      | 0 ||| qw: Goals: Normal
     0 | D:1      | 0 ||| PLANNING D:1-11
    63 | D:1      | Reached XP level 2. HP: 17/17 MP: 2/2
    88 | D:1      | 88 ||| UPGRADING to +0 ring mail.
    98 | D:1      | 98 ||| DROPPING +0 leather armour.
   212 | D:1      | Reached skill level 1 in Armour
   285 | D:1      | Found Come Rom's Magic Scroll Boutique.
   295 | D:1      | 295 ||| SHOPLISTING scroll of identify (24 gold, have 10).
   295 | D:1      | 295 ||| SHOPLISTING scroll of teleportation (36 gold, have
                  | 10).
   305 | D:1      | Found Kiaceir's General Store.
   313 | D:1      | 313 ||| SHOPLISTING scroll of identify (24 gold, have 10).
   313 | D:1      | 313 ||| SHOPLISTING scroll of teleportation (36 gold, have
                  | 10).
   321 | D:1      | Reached XP level 3. HP: 21/21 MP: 3/3
   468 | D:1      | Reached skill level 5 in Ranged Weapons
   493 | D:1      | Found Oraboumu's Assorted Antiques.
   500 | D:1      | 500 ||| BUYING 2 smoky black potions (28 gold).
   500 | D:1      | Bought 2 smoky black potions for 28 gold pieces
   500 | D:1      | 500 ||| SHOPLISTING 3 scrolls labelled ZENOPI RIDI (48
                  | gold, have 6).
   500 | D:1      | 500 ||| SHOPLISTING scroll labelled BITULOR QELUR (16 gold,
                  | have 6).
   500 | D:1      | 500 ||| SHOPLISTING scroll labelled COSONO TAOVY (16 gold,
                  | have 6).
   500 | D:1      | 500 ||| SHOPLISTING scroll labelled PYMERR CUXKU (16 gold,
                  | have 6).
   500 | D:1      | 500 ||| SHOPLISTING slimy leather armour (112 gold, have
                  | 6).
   500 | D:1      | 500 ||| SHOPLISTING tubular bone ring (80 gold, have 6).
   503 | D:1      | Found a faded altar of an unknown god.
  1147 | D:1      | 1147 ||| READING scroll labelled BIMALOTUMI.
  1148 | D:1      | 1148 ||| READING scroll labelled WESHUM ATEURUNA.
  1149 | D:1      | 1149 ||| READING scroll labelled UQEGRO NEMU.
  1149 | D:1      | 1149 ||| IDENTIFYING fizzy yellow potion
  1150 | D:1      | 1150 ||| READING scroll labelled ROJUDEG SAKAE.
  1164 | D:1      | 1164 ||| READING scroll labelled PYMERR CUXKU.
  1165 | D:1      | 1165 ||| READING scroll labelled BECZUNT NASUXADUQ.
  1165 | D:1      | 1165 ||| ENCHANTING +0 shortbow.
  1166 | D:1      | 1166 ||| READING scroll labelled WUTZAN PACVOGEM.
  1170 | D:1      | 1170 ||| READING scroll labelled ZENOPI RIDI.
  1171 | D:1      | 1171 ||| READING scroll labelled DEELUF SUNT.
  1172 | D:1      | 1172 ||| DRINKING 2 smoky black potions.
  1173 | D:1      | 1173 ||| DROPPING scroll of butterflies.
  1174 | D:1      | 1174 ||| DROPPING potion of attraction.
  1278 | D:2      | Reached XP level 4. HP: 27/27 MP: 4/4
  1356 | D:2      | Reached skill level 3 in Fighting
  1505 | D:2      | HP: 6/28 [gnoll/+1 spear of flaming (4)]
  1506 | D:2      | HP: 1/28 [gnoll/+1 spear of flaming (4)]
  1506 | D:2      | Slain by a gnoll

Levels and vault maps discovered:
D:1:      minmay_arrival_four_loops, layout_loops_corners,
          shapermc_ecumenical_altar_mp_ritualfount, serial_shops, shop, shop,
          nicolae_shop_getting_attention, minmay_heptomino_h4
D:2:      layout_loops_ring, serial_undead, serial_undead_d, serial_undead_d,
          serial_undead_c, serial_undead_e, minmay_hedge_maze,
          nicolae_concentric_dashed_squares_mild

Skill      XL: |  1  2  3  4 |
---------------+-------------+-----
Armour         | 1 |  1.0
Ranged Weapons | 5 |  5.4
Fighting       | 3 |  3.0
Dodging        | |  1.5
Stealth        | |  1.1

Action                     |  1- 3 |  4- 6 || total
---------------------------+-------+-------++-------
   Fire: Shortbow          |   131 |    31 ||   162
    Use: Scroll            |     9 |       ||     9
         Potion            |     1 |       ||     1
 Armour: Leather armour    |    12 |       ||    12
         Ring mail         |    31 |     6 ||    37
  Dodge: Dodged            |    44 |     4 ||    48

Table legend:
 A = Non-vault XP
 B = Vault XP
 C = Vault XP percentage of total XP
 D = Non-vault monster count
 E = Vault monster count
 F = Vault count percentage of total count
                 A         B        C        D         E       F
            +---------+---------+-------+---------+---------+-------
      Total |     127 |       8 |   5.9 |      46 |       4 |   8.0
            +---------+---------+-------+---------+---------+-------
        D:1 |      71 |       8 |  10.1 |      33 |       4 |  10.8
        D:2 |      56 |       0 |   0.0 |      13 |       0 |   0.0
            +---------+---------+-------+---------+---------+-------
